 Dungeon Crawl Stone Soup version 0.30-a0-219-gf2db51d15e (webtiles) character file.

Game seed: 13810902429605190955

39 Iusername the Shooter (level 3, 0/30 HPs)
             Began as a Minotaur Hunter on Oct 6, 2022.
             Hit by a goblin thrown by Robin (1 damage)
             ... on level 2 of the Dungeon.
             The game lasted 00:02:20 (1133 turns).

Iusername the Shooter (Minotaur Hunter)             Turns: 1133, Time: 00:02:20

Health: 0/30       AC:  3    Str: 15    XL:     3   Next: 28%
Magic:  2/2        EV: 12    Int:  6    God:
Gold:   46         SH:  0    Dex: 15    Spells: 2/2 levels left

rFire   . . .      SeeInvis .    a - +0 shortbow
rCold   . . .      Faith    .    (shield currently unavailable)
rNeg    . . .      Spirit   .    c - +0 leather armour
rPois   .          Reflect  .    (helmet restricted)
rElec   .          Harm     .    (no cloak)
rCorr   .          Rampage  .    (no gloves)
Will    .....                    (no boots)
Stlth   +.........               (no amulet)
HPRegen 0.25/turn                (no ring)
MPRegen 0.08/turn                (no ring)

@: no status effects
A: horns 2, retaliatory headbutt
a: no special abilities


You were on level 2 of the Dungeon.
You visited 1 branch of the dungeon, and saw 2 of its levels.

You collected 46 gold pieces.

Inventory:

Hand Weapons
 a - a +0 shortbow (weapon)
Armour
 c - a +0 leather armour (worn)
Scrolls
 b - a scroll of immolation
 d - a scroll of teleportation {unknown}
 e - a scroll of amnesia {unknown}
 f - 2 scrolls of identify {unknown}
 g - a scroll of fear {unknown}
Potions
 h - a potion of heal wounds {unknown}


   Skills:
 + Level 2.5 Fighting
 + Level 5.5 Ranged Weapons
 + Level 0.5 Armour
 + Level 2.2 Dodging
 + Level 0.7 Stealth


You had 2 spell levels left.
You didn't know any spells.
Your spell library was empty.

Dungeon Overview and Level Annotations

Branches:
Dungeon (2/15)

Altars:

Annotations:
D:2 Robin


Innate Abilities, Weirdness & Mutations

You have a pair of horns on your head.
You reflexively headbutt those who attack you in melee.


Message History

Robin throws the goblin at you! The goblin barely misses you.
You shoot an arrow. The arrow closely misses the goblin.
The arrow hits the goblin.
The goblin is almost dead.
A goblin comes into view. It is wielding a +0 dagger.
The goblin hits you with a +0 club. The goblin closely misses you.
The goblin completely misses you.
You shoot an arrow. The arrow closely misses the goblin.
The arrow hits the goblin.
You kill the goblin!
The goblin hits you with a +0 club. The goblin closely misses you.
You shoot an arrow. The arrow hits the goblin!
You kill the goblin!
The goblin hits you with a +0 club. x2
You shoot an arrow. The arrow hits the goblin.
The goblin is severely wounded.
The goblin closely misses you. The goblin hits you with a +0 club.
You shoot an arrow. The arrow hits the goblin.
You kill the goblin!
The goblin hits you but does no damage.
Robin zaps a wand.
The puff of flame misses you. The goblin hits you with a +0 club.
You shoot an arrow.
The arrow hits Robin but does no damage.
The goblin hits you but does no damage.
Robin roars a battlecry!
The goblin goes into a battle-frenzy!
You shoot an arrow. The arrow hits Robin!
Robin is heavily wounded.
The goblin hits you but does no damage. Robin closely misses you.
You shoot an arrow. The arrow barely misses Robin.
The goblin hits you with a +0 club.
Robin zaps a wand.
The puff of flame hits you!
* * * LOW HITPOINT WARNING * * *
You are too injured to fight recklessly!
You are too injured to fight recklessly!
You shoot an arrow. The arrow closely misses the goblin.
The goblin hits you with a +0 club.
* * * LOW HITPOINT WARNING * * *
Robin throws the goblin at you!
You die...

######.# ######.#
.......#######
...###.).....######
##.# #............#
#.##..#####†####.#
#.##..# #.####.#
#.##..#####....#g######
#..............@..)))..
####..#####...g#)######
#..# #.####.)) #.# ####
#.# #.# #.. ###


You could see Robin and a goblin (strong).

Vanquished Creatures
  A worm (D:2)
  2 ball pythons
  A giant cockroach (D:1)
  11 goblins
  3 hobgoblins
  2 jackals (D:1)
  5 kobolds
  A quokka (D:1)
  4 frilled lizards
  3 rats
33 creatures vanquished.

Notes
Turn   | Place    | Note
-------+----------+-------------------------------------------
     0 | D:1      | Iusername the Minotaur Hunter began the quest for the Orb.
     0 | D:1      | Reached XP level 1. HP: 18/18 MP: 0/0
   275 | D:1      | Reached XP level 2. HP: 25/25 MP: 1/1
   446 | D:1      | Reached skill level 5 in Ranged Weapons
  1114 | D:2      | Reached XP level 3. HP: 30/30 MP: 2/2
  1123 | D:2      | Noticed Robin
  1133 | D:2      | HP: 1/30 [goblin/+0 club[Robin] (5)]
  1133 | D:2      | Hit by a goblin thrown by Robin

Illustrated notes

Levels and vault maps discovered:
D:1:      lemuel_arrival_cross, layout_basic
D:2:      minmay_wonky_spiral, layout_loops_ring, uniq_robin

Skill      XL: |  1  2 |
---------------+-------+-----
Ranged Weapons | 5 |  5.5
Fighting       | |  2.5
Armour         | |  0.5
Dodging        | |  2.2
Stealth        | |  0.7

Action                   || total
-------------------------++-------
 Fire: Shortbow          ||    79
Armor: Leather armour    ||     7
Dodge: Dodged            ||    17

Table legend: (Time is in decaauts)
 A = Elapsed time spent in this place.
 B = Non-inter-level travel time spent in this place.
 C = Inter-level travel time spent in this place.
 D = Time resting spent in this place.
 E = Time spent auto-exploring this place.
 F = Levels seen in this place.
 G = Mean time per level.
                   A        B        C        D        E       F      G
               +--------+--------+--------+--------+--------+-----+--------+
         Total |   1154 |   1154 |      0 |      0 |    986 |   2 |  577.0 |
       Dungeon |   1154 |   1154 |      0 |      0 |    986 |   2 |  577.0 |
               +--------+--------+--------+--------+--------+-----+--------+

Top non-repeatable levels by time:
     D:1: 931 daAuts
     D:2: 223 daAuts
